 Dungeon Crawl Stone Soup version 0.21-a0-401-g0b6bec4 (webtiles) character file.

102 Kavrick the Skirmisher (level 4, -5/49 HPs)
             Began as an Ogre Fighter on Oct 22, 2017.
             Killed by divine providence
             ... invoked by an orc priest
              (13 damage)
             ... on level 4 of the Dungeon.
             The game lasted 00:03:54 (2612 turns).

Kavrick the Skirmisher (Ogre Fighter)               Turns: 2612, Time: 00:03:54

Health: -5/49      AC:  3    Str: 21    XL:     4   Next: 78%
Magic:  4/4        EV:  8    Int:  9    God:
Gold:   165        SH:  8    Dex:  8    Spells: 3/3 levels left

rFire    . . .     SeeInvis .   a - +0 war axe
rCold    . . .     Gourm    .   c - +0 shield
rNeg     . . .     Faith    .   b - +0 robe
rPois    .         Spirit   .   (helmet restricted)
rElec    .         Reflect  .   (no cloak)
rCorr    .         Harm     .   (gloves unavailable)
MR       .....                  (boots unavailable)
Stlth    +.........             (no amulet)
HPRegen  0.16/turn              (no ring)
MPRegen  0.09/turn              (no ring)

@: no status effects
A: unfitting armour, tough skin 1
a: no special abilities


You were on level 4 of the Dungeon.
You were not hungry.

You visited 1 branch of the dungeon, and saw 4 of its levels.

You collected 165 gold pieces.

Inventory:

Hand Weapons
 a - a +0 war axe (weapon)
Armour
 b - a +0 robe (worn)
 c - a +0 shield (worn)
Jewellery
 l - an uncursed ring of resist corrosion {unknown}
Scrolls
 e - 4 scrolls of identify {unknown}
 h - 2 scrolls of blinking {unknown}
 i - 2 scrolls of immolation {unknown}
 j - 3 scrolls of remove curse {unknown}
 k - 3 scrolls of teleportation {unknown}
 r - a scroll of enchant weapon {unknown}
 t - a scroll of fog {unknown}
 u - a scroll of amnesia {unknown}
Potions
 d - a potion of might
 m - a potion of heal wounds {unknown}
 o - a potion of curing {unknown}
 p - a potion of magic {unknown}
 q - a potion of ambrosia {unknown}
 v - a potion of flight {unknown}
 w - a potion of lignification {unknown}
Comestibles
 f - 2 bread rations
 g - a royal jelly
 n - 10 fruits
 s - a meat ration


   Skills:
 + Level 4.7 Fighting
 * Level 3.4 Axes
 + Level 1.2 Armour
 - Level 2.6 Dodging
 + Level 3.2 Shields


You had 3 spell levels left.
You didn't know any spells.

Dungeon Overview and Level Annotations

Branches:
Dungeon (4/15)
 Temple: D:4-7

Altars:
Dithmenos
Nemelex Xobeh
Xom


Innate Abilities, Weirdness & Mutations

You are too large for most types of armour.
You have tough skin. (AC +1)


Message History

An orc comes into view. It is wielding a trident.
You hit the orc but do no damage. You block the orc's attack.
The orc barely misses you.
You hit the orc but do no damage. The orc hits you but does no damage.
The orc priest invokes the aid of Beogh against you.
Beogh smites you! The orc hits you but does no damage.
You hit the orc but do no damage.
The orc hits you from afar with a trident!
You block the orc's attack.
The orc hits you from afar with a trident.
You hit the orc but do no damage. The orc hits you with a flail.
The orc hits you from afar with a trident.
You block the orc's attack.
The quokka twitches its whiskers.
The orc priest calls down the wrath of Beogh upon you.
Beogh smites you!
* * * LOW HITPOINT WARNING * * *
The orc priest mumbles some strange prayers to Beogh against you.
Beogh smites you!
You die...

#.......# ##....#
#.##.##.# ###o.# #.
#.##.### #r## #. #......#
#.# #. ####.#.# #o#
#.#####.#.# ### #.#
#.....(.#.# ##.## #.#
#########.########.#.###o#
#....@.o...or....#
##################


You could see an orc priest, an orc and a quokka.

Vanquished Creatures
  2 adders
  2 oozes (D:2)
  A worm (D:2)
  A dart slug (D:1)
  A leopard gecko (D:1)
  2 orcs
  A giant cockroach (D:2)
  9 goblins
  9 hobgoblins
  2 jackals (D:3)
  2 quokkas (D:2)
  3 ball pythons
  7 bats
  5 frilled lizards (D:1)
  9 kobolds
  11 rats
67 creatures vanquished.

Notes
Turn   | Place    | Note
-------+----------+-------------------------------------------
     0 | D:1      | Kavrick the Ogre Fighter began the quest for the Orb.
     0 | D:1      | Reached XP level 1. HP: 24/24 MP: 1/1
    55 | D:1      | Reached XP level 2. HP: 30/32 MP: 2/2
   318 | D:1      | Reached XP level 3. HP: 25/39 MP: 3/3
   764 | D:1      | Found a shimmering altar of Xom.
   766 | D:1      | Found a sparkling altar of Nemelex Xobeh.
   766 | D:1      | Found an opulent altar of Gozag.
   768 | D:1      | Found a blossoming altar of Fedhas.
   768 | D:1      | Found a glowing golden altar of the Shining One.
   768 | D:1      | Found a shimmering altar of Xom.
   857 | D:2      | Found a shadowy altar of Dithmenos.
   914 | D:2      | Reached skill level 1 in Armour
  1261 | D:2      | Reached XP level 4. HP: 49/49 MP: 4/4
  1277 | D:2      | Found a sparkling altar of Nemelex Xobeh.
  2298 | D:3      | Found a faded altar of an unknown god.
  2612 | D:4      | Killed from afar by an orc priest

Vault maps used:
D:1:      minmay_arrival_three_doors, doesnt_xom_only_xom
D:2:      nemelex_xobeh_ov_fountains_minmay, grunt_dithmenos_smoke_and_mirrors
D:3:      chequers_ecumenical_altar_grove, guppyfry_early_lair_pool
D:4:      kennysheep_mini, dancing_weapons_uskayaw

Skill      XL: |  1  2  3 |
---------------+----------+-----
Shields        | 3 |  3.2
Axes           | 3 |  3.4
Armour         | 1 |  1.2
Fighting       | |  4.7
Dodging        | |  2.6

Action                   |  1- 3 |  4- 6 || total
-------------------------+-------+-------++-------
Melee: War axe           |   153 |    84 ||   237
  Eat: Chunk             |     1 |     5 ||     6
Armor: Robe              |    36 |    25 ||    61
Dodge: Dodged            |    61 |    31 ||    92
Block: Shield            |    73 |    54 ||   127

Table legend:
 A = Spawn XP
 B = Non-spawn XP
 C = Spawn XP percentage of total XP
 D = Spawn monster count
 E = Non-spawn monster count
 F = Spawn count percentage of total count
 G = Total turns spent on level
                    A         B        C        D         E        F      G
               +---------+---------+-------+---------+---------+-------+---------
         Total |       0 |     147 |   0.0 |       0 |      67 |   0.0 |  2612
               +---------+---------+-------+---------+---------+-------+---------
           D:1 |       0 |      53 |   0.0 |       0 |      35 |   0.0 |   857
           D:2 |       0 |      59 |   0.0 |       0 |      19 |   0.0 |  1048
           D:3 |       0 |      32 |   0.0 |       0 |      12 |   0.0 |   608
           D:4 |       0 |       3 |   0.0 |       0 |       1 |   0.0 |    99
               +---------+---------+-------+---------+---------+-------+---------
